[Event "*** Titled Tuesday Blitz"]
[Site "Chess.com"]
[Date "2020.04.21"]
[Round "1"]
[White "Carnivoras"]
[Black "Phenix2k"]
[Result "1-0"]
[WhiteElo "2605"]
[BlackElo "2264"]
[TimeControl "180+1"]
[EndTime "10:06:41 PDT"]
[Termination "Carnivoras won by resignation"]

1. d4 Nf6 2. Nf3 g6 3. c4 Bg7 4. Nc3 O-O 5. e4 d6 6. Be2 e5 7. O-O Nc6 8. d5 Ne7 9. b4 a5 10. Ba3 axb4 11. Bxb4 Re8 12. c5 dxc5 13. Bxc5 Bf8 14.
Be3 Ra3 15. Qc1 Rxc3 16. Qxc3 Nxe4 17. Qc2 Qxd5 18. Qxc7 Nc6 19. Rfd1 Qe6 20. Rac1 Qe7 21. Qxe7 Bxe7 22. Bb5 Ba3 23. Bxc6 bxc6 24. Rxc6 Be6 25. Rc2 Bb4 26. Rb1 Ba5 27. Rb5 Ra8 28. Rxe5 Nc3 29.
Bd2 Nxa2 30. Rxa5 Rxa5 31. Bxa5 1-0

[Event "*** Titled Tuesday Blitz"]
[Site "Chess.com"]
[Date "2020.04.21"]
[Round "1"]
[White "Majesth"]
[Black "ZeZacarias"]
[Result "1-0"]
[WhiteElo "2507"]
[BlackElo "2054"]
[TimeControl "180+1"]
[EndTime "10:06:41 PDT"]
[Termination "Majesth won by checkmate"]

1. d4 d5 2. Bg5 c6 3. Nf3 Bf5 4. e3 Nd7 5. c4 h6 6. Bh4 Ngf6 7.
Nc3 Ne4 8. Nxe4 Bxe4 9. Nd2 Qa5 10. a3 dxc4 11. f3 Bd3 12. b4 Qh5 13. Bxd3 cxd3 14. Bf2 e5 15. e4 exd4 16. Bxd4 Qg6 17. O-O Bd6 18. Nc4 Bc7 19. Qxd3 O-O-O 20. Qe3 a6 21. a4 Rhe8 22. b5 cxb5 23. axb5 Ne5 24. Nxe5 Bxe5 25. Qc3+ Kb8 26. Bxe5+ Ka8 27. bxa6 bxa6 28. Bg3 Rc8 29. Qd3 Red8 30. Rxa6+ Qxa6 31. Qxa6# 1-0

[Event "*** Titled Tuesday Blitz"]
[Site "Chess.com"]
[Date "2020.04.21"]
[Round "1"]
[White "exoticprincess"]
[Black "BasilSmash"]
[Result "1-0"]
[WhiteElo "2848"]
[BlackElo "2437"]
[TimeControl "180+1"]
[EndTime "10:06:43 PDT"]
[Termination "exoticprincess won on time"]

1. d4 d5 2. c4 e6 3. Nc3 Nf6 4. Bg5 Be7 5. e3 Nbd7 6. Rc1 h6 7. Bh4 O-O 8. cxd5 exd5 9. Bd3 c6 10. Nge2 Re8 11.
O-O Nf8 12. f3 Ne6 13. Kh1 b5 14. Bf2 Bb7 15. Nb1 a6 16. Nd2 Rc8 17. Bf5 g6 18. Bxe6 fxe6 19. Nb3 Kg7 20. Bg3 Nd7 21. Nf4 Bf8 22.
Nd3 a5 23. Nbc5 Nxc5 24. Rxc5 Ba6 25. Qd2 b4 26. Rc2 Bb5 27. Rfc1 Be7 28. h3 Qb6 29.
Kh2 Qa6 30. Nc5 Bxc5 31. Rxc5 Qb7 32. e4 Rf8 33. Bf4 g5 34. Be5+ Kh7 35. Re1 Qf7 36. a3 bxa3 37. bxa3 a4 38. Bd6 Rfe8 39. Be5 Qg6 40.
exd5 exd5 41. Rec1 Rcd8 42. Qb4 Rd7 43. Rxb5 cxb5 44. Qxb5 Qf5 45. Rc7 Rxe5 46. Qxd7+ Kg6 47. Qg7+ Kh5 48. g4+ 1-0

[Event "*** Titled Tuesday Blitz"]
[Site "Chess.com"]
[Date "2020.04.21"]
[Round "1"]
[White "chidori_boruto"]
[Black "FM_VS99"]
[Result "1-0"]
[WhiteElo "2657"]
[BlackElo "2315"]
[TimeControl "180+1"]
[EndTime "10:06:43 PDT"]
[Termination "chidori_boruto won by checkmate"]

1. d4 g6 2. Bf4 Bg7 3. e3 d6 4. Nf3 c5 5. c3 Nd7 6. h3 Ngf6 7.
Be2 O-O 8. O-O a6 9. a4 b6 10. Bh2 Bb7 11. Qb3 Rc8 12. Rd1 d5 13. Nbd2 e6 14.
c4 cxd4 15. exd4 dxc4 16. Nxc4 Bd5 17. Rac1 Ne4 18. Qa3 b5 19. axb5 axb5 20. Ne3 Qb6 21. Nxd5 exd5 22. Rxc8 Rxc8 23. Qb3 b4 24. Qxd5 Ndf6 25.
Qb3 Rd8 26. Bc4 Qb7 27. Ne5 Nd5 28. Qf3 f5 29. g4 Qc8 30. Qb3 Nf6 31. g5 Kf8 32. gxf6 Nxf6 33. Qxb4+ Ke8 34. Bf7# 1-0

[Event "*** Titled Tuesday Blitz"]
[Site "Chess.com"]
[Date "2020.04.21"]
[Round "1"]
[White "albi1999"]
[Black "CzechmVIII"]
[Result "1-0"]
[WhiteElo "2586"]
[BlackElo "2232"]
[TimeControl "180+1"]
[EndTime "10:06:43 PDT"]
[Termination "albi1999 won by resignation"]

1. d4 Nf6 2. c4 c5 3. d5 e6 4.
Nc3 exd5 5. cxd5 d6 6. e4 g6 7. h3 Bg7 8. Nf3 O-O 9. Bd3 b5 10. Nxb5 Re8 11. O-O Nxe4 12. Re1 a6 13. Nc3 Nxc3 14.
Rxe8+ Qxe8 15. bxc3 Bxc3 16. Rb1 Nd7 17. Qa4 Nf6 18.
Qc4 Be5 19. Nxe5 dxe5 20. Qxc5 Bd7 21. Qd6 Nh5 22. Bf1 Bb5 23. Bb2 Bxf1 24. Rxf1 Rd8 25. Qxa6 Rxd5 26. Qc4 Qb5 27. Qc8+ Kg7 28. Ba3 Nf4 29.
Qf8+ Kf6 30. Be7+ Kf5 31. Qxf7+ Ke4 32. Re1+ Ne2+ 33. Kh2 Rd7 34. Qf3+ Kd4 35. Rd1+ Kc4 36. Qxe2+ 1-0

[Event "*** Titled Tuesday Blitz"]
[Site "Chess.com"]
[Date "2020.04.21"]
[Round "1"]
[White "FrankieJay"]
[Black "bascheyaro"]
[Result "0-1"]
[WhiteElo "2358"]
[BlackElo "2695"]
[TimeControl "180+1"]
[EndTime "10:06:44 PDT"]
[Termination "bascheyaro won on time"]

1. e4 e6 2. d4 d5 3. Nc3 Bb4 4. e5 Ne7 5. a3 Bxc3+ 6. bxc3 b6 7. h4 h5 8. a4 Ba6 9. Bxa6 Nxa6 10. a5 Qc8 11. Nf3 Qb7 12. O-O c5 13. axb6 axb6 14. Bg5 Nf5 15. dxc5 bxc5 16. Qe2 O-O 17. Rfb1 Qc6 18. Qb5 Qxb5 19. Rxb5 Nc7 20. Rxa8 Nxb5 21. Ra5 Rb8 22. Kh2 Nxc3 23. Rxc5 Ne4 24. Rc7 Nxf2 25. Bf4 Rb1 26. g3 Ng4+ 27. Kg2 f6 28. Rc6 Kf7 29.
Rc7+ Kg6 30. Rc6 Rb2 31. exf6 gxf6 32. Rxe6 Rxc2+ 33. Kg1 Kf7 34. Ra6 d4 35. Ra5 Nfe3 36.
Bxe3 dxe3 37. Ra1 Rf2 38. Nd4 Rd2 39. Nf5 e2 0-1

[Event "*** Titled Tuesday Blitz"]
[Site "Chess.com"]
[Date "2020.04.21"]
[Round "1"]
[White "pawnwonder"]
[Black "Neimar24"]
[Result "0-1"]
[WhiteElo "2168"]
[BlackElo "2550"]
[TimeControl "180+1"]
[EndTime "10:06:44 PDT"]
[Termination "Neimar24 won by resignation"]

1. e4 c5 2. Nf3 d6 3. d4 cxd4 4.
Nxd4 Nf6 5. Nc3 Bd7 6. Be2 Bc6 7. f3 e6 8. O-O Nbd7 9. Be3 Be7 10. Qd2 O-O 11. Rad1 a6 12. Nxc6 bxc6 13. g4 d5 14. g5 Ne8 15. f4 Nd6 16. Bg4 dxe4 17. Nxe4 Nxe4 18. Qxd7 Qxd7 19. Rxd7 Bc5 20. Bxc5 Nxc5 21. Rc7 Rfc8 22. Rxc8+ Rxc8 23. Rd1 Kf8 24. b4 Ne4 25. Rd7 c5 26. Bf3 Nc3 27. a3 Ke8 28. Ra7 Nd5 29.
Rxa6 cxb4 30. axb4 Nxb4 31. Ra8 Rxa8 32. Bxa8 Nxc2 33.
Kf2 Nb4 34. Be4 Ke7 35. Ke3 g6 36. Kd4 Kd6 37. h4 Nd5 38. f5 gxf5 39. Bg2 e5+ 0-1

[Event "*** Titled Tuesday Blitz"]
[Site "Chess.com"]
[Date "2020.04.21"]
[Round "1"]
[White "Perecke"]
[Black "StegariuVlad"]
[Result "1-0"]
[WhiteElo "2160"]
[BlackElo "2519"]
[TimeControl "180+1"]
[EndTime "10:06:44 PDT"]
[Termination "Perecke won by resignation"]

1. e4 e5 2. Nf3 Nc6 3. Bb5 a6 4. Ba4 Nf6 5. O-O Be7 6. Re1 b5 7. Bb3 O-O 8. d4 d6 9. c3 Bg4 10.
Be3 Na5 11. Bc2 Nc4 12. Bc1 exd4 13. cxd4 d5 14. b3 dxe4 15. Bxe4 Nxe4 16. Rxe4 Bf5 17. Rxe7 Qxe7 18. bxc4 bxc4 19. Nc3 Rfd8 20. Be3 Bg4 21.
h3 Bh5 22. g4 Bg6 23. Ne5 Qb4 24. Qd2 Rd6 25. Nxg6 hxg6 26. Rb1 Qa5 27. Ne4 Rb6 28. Qxa5 Rxb1+ 29. Kg2 Rb6 30. Qd5 Re8 31. Ng5 Rf6 32. Qxc4 Re7 33. Qc5 Rd6 34. Bf4 Rdd7 35. Nf3 Re4 36.
Be3 f6 37. Qc6 Ree7 38. Qxa6 Kh7 39. Qc4 Re8 40. a4 Ra8 41. Qc6 Rdd8 42. g5 Ra7 43. gxf6 Rd6 44. Ng5+ 1-0

[Event "*** Titled Tuesday Blitz"]
[Site "Chess.com"]
[Date "2020.04.21"]
[Round "1"]
[White "UCantHandleDenker"]
[Black "CMS13"]
[Result "1-0"]
[WhiteElo "2524"]
[BlackElo "2120"]
[TimeControl "180+1"]
[EndTime "10:06:44 PDT"]
[Termination "UCantHandleDenker won by resignation"]

1. Nf3 d5 2. g3 Nf6 3. Bg2 Bg4 4. O-O Nbd7 5. d4 e6 6. c4 c6 7. Qb3 Qb6 8. c5 Qxb3 9. axb3 Be7 10. Nc3 O-O 11. b4 a6 12. h3 Bxf3 13. Bxf3 e5 14. e3 e4 15. Bg2 Ne8 16. f3 f5 17. fxe4 fxe4 18. Bd2 Nef6 19. Ne2 Nh5 20. g4 Rxf1+ 21.
Bxf1 Nhf6 22. Nf4 Kf7 23. b5 cxb5 24. Bxb5 g5 25. Nh5 Nxh5 26. Bxd7 Nf6 27. Ba4 h5 28.
gxh5 Nxh5 29. c6 b6 30. Bd1 Nf6 31. c7 a5 32. b4 Rc8 33. bxa5 Rxc7 34. axb6 Rb7 35. Ra6 Nd7 36. Ba5 Bd8 37. Ra7 Rxa7 38. bxa7 Nb6 39. Bxb6 1-0

[Event "*** Titled Tuesday Blitz"]
[Site "Chess.com"]
[Date "2020.04.21"]
[Round "1"]
[White "Pavalamalli"]
[Black "MrVenky"]
[Result "0-1"]
[WhiteElo "2121"]
[BlackElo "2527"]
[TimeControl "180+1"]
[EndTime "10:06:45 PDT"]
[Termination "MrVenky won by resignation"]

1. d4 Nf6 2. Nc3 d6 3. e4 g6 4.
f3 Bg7 5. Be3 O-O 6. Qd2 e5 7.
O-O-O exd4 8. Bxd4 Nc6 9. Be3 a6 10. h4 b5 11. h5 b4 12. Nd5 Nxd5 13. exd5 Qf6 14. c4 bxc3 15. Qxc3 Qe7 16. Qd2 Nb4 17. Bd4 Bxd4 18. Qxd4 Rb8 19. hxg6 fxg6 20. Bc4 Bf5 21. Nh3 Nc2 22. Qc3 Qe3+ 23. Qxe3 Nxe3 24. Rd4 Rb4 25.
b3 Rfb8 26. Re1 Nxc4 27. Rxc4 Rxc4+ 28. bxc4 Rb1+ 29. Kd2 Rb2+ 30. Kc3 Rxg2 31. Nf4 Rc2+ 32. Kd4 Kf7 33. Ne6 c5+ 34. dxc6 Bxe6 35. c7 Rxc4+ 0-1

[Event "*** Titled Tuesday Blitz"]
[Site "Chess.com"]
[Date "2020.04.21"]
[Round "1"]
[White "SloLev"]
[Black "Chessy222222"]
[Result "1-0"]
[WhiteElo "2515"]
[BlackElo "2095"]
[TimeControl "180+1"]
[EndTime "10:06:45 PDT"]
[Termination "SloLev won on time"]

1. e4 e5 2. Nf3 Nc6 3. d4 exd4 4. Nxd4 Bc5 5. Be3 Qf6 6. c3 Nge7 7. Bc4 b6 8. O-O Bb7 9. Nb5 O-O-O 10. Bxc5 bxc5 11.
Qe2 d5 12. exd5 Nxd5 13. Nd2 Nf4 14. Qg4+ Kb8 15. Ne4 Qe5 16. Ng3 Na5 17. Bb3 Bxg2 18. Rfe1 Qf6 19. Nh5 Nxh5 20. Qxg2 Nf4 21. Qf3 Rd3 22.
Qe4 Qg5+ 23. Kh1 Rh3 24. Re3 Rxe3 25. fxe3 Ne6 26. Bxe6 fxe6 27. Qxe6 Rf8 28. Rg1 Qf6 29. Qxf6 gxf6 30. Rg7 Nc6 31. Nxc7 1-0

[Event "*** Titled Tuesday Blitz"]
[Site "Chess.com"]
[Date "2020.04.21"]
[Round "1"]
[White "HashtagChess"]
[Black "InfiniteAdaption"]
[Result "0-1"]
[WhiteElo "1641"]
[BlackElo "2479"]
[TimeControl "180+1"]
[EndTime "10:06:45 PDT"]
[Termination "InfiniteAdaption won on time"]

1. e4 d6 2. d4 Nf6 3. Bd3 e5 4. c3 Be7 5. Nf3 Nbd7 6. Nbd2 O-O 7. O-O b6 8. Re1 Bb7 9. Nf1 Re8 10. Ng3 g6 11. Bg5 a5 12. Qd2 a4 13. a3 Ra5 14.
Rac1 Qa8 15. Bb1 Rb5 16. Qe2 Qa5 17. c4 Rb3 18. Ba2 Rxf3 19. Qxf3 exd4 20. Bxf6 Bxf6 21. h4 Kg7 22. h5 Qg5 23. hxg6 hxg6 24. Rcd1 c5 25. b4 Rh8 26. Ne2 Ne5 27. Qg3 Qh6 28. Kf1 Qh1+ 29. Ng1 Bc8 0-1

[Event "*** Titled Tuesday Blitz"]
[Site "Chess.com"]
[Date "2020.04.21"]
[Round "1"]
[White "SantoBlue"]
[Black "Sanyura"]
[Result "1-0"]
[WhiteElo "2821"]
[BlackElo "2432"]
[TimeControl "180+1"]
[EndTime "10:06:46 PDT"]
[Termination "SantoBlue won by resignation"]

1. e4 c5 2. Nf3 e6 3. Nc3 Nc6 4. d4 cxd4 5. Nxd4 Nf6 6. Ndb5 Bc5 7. Nd6+ Ke7 8. Bf4 e5 9. Nf5+ Kf8 10. Bg5 d6 11. Ne3 h6 12. Bxf6 Qxf6 13. Ncd5 Qg6 14. Bd3 Be6 15. O-O Rd8 16. Kh1 h5 17. f4 Bxd5 18. Nxd5 Ne7 19. Bc4 Qxe4 20. Bb3 Nxd5 21. Bxd5 Qd4 22. Qf3 f6 23. Bb3 e4 24. Qh3 d5 25.
Rad1 Qe3 26. Qe6 Be7 27. Rxd5 Re8 28. Rxh5 1-0

[Event "*** Titled Tuesday Blitz"]
[Site "Chess.com"]
[Date "2020.04.21"]
[Round "1"]
[White "tteshan"]
[Black "Szparu"]
[Result "0-1"]
[WhiteElo "2228"]
[BlackElo "2581"]
[TimeControl "180+1"]
[EndTime "10:06:46 PDT"]
[Termination "Szparu won by resignation"]

1. d4 Nf6 2. c4 g6 3. Nc3 d5 4.
cxd5 Nxd5 5. e4 Nxc3 6. bxc3 Bg7 7. Bc4 c5 8. Be3 Nc6 9. Ne2 O-O 10. O-O Bd7 11. Rc1 Qc7 12. Qd2 Rfd8 13. Bh6 Bh8 14. Rfd1 Rac8 15. Bb3 b6 16. d5 Na5 17. Qf4 Be5 18. Qh4 Be8 19. Bf4 f6 20. Bxe5 Qxe5 21. Qf4 c4 22. Qxe5 fxe5 23. Bc2 Nb7 24. f4 exf4 25.
Nxf4 Nc5 26. Rf1 Kg7 27. Rce1 Bf7 28. Nh3 h6 29. Nf2 h5 30. Nh3 Nd7 31. Ng5 Bg8 32. Ne6+ Bxe6 33. dxe6 Ne5 34. Re2 Rc6 35. Ref2 Rxe6 36.
Bd1 Rf6 37. Be2 Rd2 38. Bd1 Rfxf2 39. Rxf2 Rxd1+ 40. Rf1 Rxf1+ 41. Kxf1 Kf6 42. Ke2 Ke6 43. Ke3 Kd6 44. g3 g5 45. h3 Nd3 46. h4 gxh4 47. gxh4 Ke5 48. a4 e6 49. Kf3 Nb2 0-1

[Event "*** Titled Tuesday Blitz"]
[Site "Chess.com"]
[Date "2020.04.21"]
[Round "1"]
[White "Mazanchenko_Dmitry"]
[Black "tsvet2005"]
[Result "0-1"]
[WhiteElo "2110"]
[BlackElo "2517"]
[TimeControl "180+1"]
[EndTime "10:06:46 PDT"]
[Termination "tsvet2005 won by checkmate"]

1. e3 d5 2. d4 Nf6 3. Bd3 c5 4. c3 Nc6 5. h3 e6 6. Nf3 Be7 7.
O-O O-O 8. Nbd2 b6 9. Qe2 Bb7 10. dxc5 bxc5 11. e4 d4 12. cxd4 cxd4 13. e5 Nd5 14.
Nb3 Ndb4 15. Be4 Ba6 16. Qd2 Bxf1 17. Kxf1 Rc8 18. a3 Nd5 19. Nbxd4 Nxd4 20. Nxd4 Qc7 21. Nf3 Rfd8 22. Qe2 Qxc1+ 23. Rxc1 Rxc1+ 24. Ne1 Nf4 25. Bxh7+ Kxh7 26. Qe4+ Ng6 27. Ke2 Rc5 28. f4 Rcd5 29.
g3 Rd2+ 30. Kf3 Rxb2 31. h4 Kg8 32. h5 Nf8 33. Kg4 Rb3 34. Nf3 Rdd3 35. Ng5 Rxg3+ 36. Kh4 Rh3+ 37. Kg4 Rbg3# 0-1

[Event "*** Titled Tuesday Blitz"]
[Site "Chess.com"]
[Date "2020.04.21"]
[Round "1"]
[White "Omk124"]
[Black "Zubrrr"]
[Result "0-1"]
[WhiteElo "2356"]
[BlackElo "2689"]
[TimeControl "180+1"]
[EndTime "10:06:47 PDT"]
[Termination "Zubrrr won by resignation"]

1. e4 c5 2. Nf3 d6 3. d4 cxd4 4. Nxd4 Nf6 5. Nc3 a6 6. g3 e5 7. Nde2 Be7 8. a4 O-O 9. Bg2 Be6 10. O-O Nbd7 11. h3 Rc8 12. Be3 Nb8 13. g4 Nc6 14.
Nd5 Nd7 15. c3 Bg5 16. f4 exf4 17. Nexf4 Nce5 18. Bd4 Re8 19. b3 Nc5 20. a5 Bxf4 21.
Rxf4 Qg5 22. Be3 Bxd5 23. exd5 Nxg4 24. Bd2 Ne3 25. Bxe3 Rxe3 26. b4 Qxf4 27. bxc5 Rxc5 28. Rb1 Rexc3 29. Rxb7 g6 30. Qe2 Rc1+ 31. Bf1 Rxf1+ 32. Qxf1 Rc1 0-1

[Event "*** Titled Tuesday Blitz"]
[Site "Chess.com"]
[Date "2020.04.21"]
[Round "1"]
[White "violetflower04"]
[Black "Alliswell998"]
[Result "1-0"]
[WhiteElo "2263"]
[BlackElo "2568"]
[TimeControl "180+1"]
[EndTime "10:06:47 PDT"]
[Termination "violetflower04 won by checkmate"]

1. e4 c5 2. Nf3 d6 3. d4 cxd4 4. Nxd4 Nf6 5. Nc3 a6 6. Be3 e5 7. Nf3 Be7 8. Bc4 Nbd7 9. a4 O-O 10. O-O b6 11. a5 b5 12. Bd5 Nxd5 13. Nxd5 Bb7 14. Qd3 Bxd5 15. Qxd5 Nf6 16. Qd3 h6 17. Bb6 Qc8 18. Rac1 Qc4 19. Qxc4 bxc4 20. Nd2 Rfc8 21.
Rfd1 Rab8 22. f3 Kf8 23. Nb1 Ke8 24. Nc3 Bd8 25. Rxd6 Bxb6+ 26. Rxb6 Rxb6 27. axb6 Rb8 28. Na4 Nd7 29. Ra1 f6 30. b3 cxb3 31. cxb3 Nxb6 32. Nc5 Nd7 33. Nxd7 Kxd7 34. Rxa6 Rxb3 35. Ra7+ Ke6 36. Rxg7 Rb8 37. Rh7 Ra8 38. Rxh6 Kf7 39. Rh7+ Kg6 40. Rd7 Ra2 41. h3 Kg5 42. Kh2 Kf4 43. Rg7 f5 44. Rf7 Kg5 45. Rxf5+ Kh4 46. Rf7 Rb2 47. Rh7+ Kg5 48.
Kg3 Kg6 49. Re7 Kf6 50. Rc7 Ra2 51. h4 Kg6 52. Rc6+ Kh5 53. Re6 Ra5 54. Rf6 Rb5 55.
Kh3 Rb3 56. g4# 1-0

[Event "*** Titled Tuesday Blitz"]
[Site "Chess.com"]
[Date "2020.04.21"]
[Round "1"]
[White "csati17"]
[Black "konradrutkowski"]
[Result "1-0"]
[WhiteElo "2550"]
[BlackElo "2168"]
[TimeControl "180+1"]
[EndTime "10:06:47 PDT"]
[Termination "csati17 won by resignation"]

1. c4 Nf6 2. Nc3 g6 3. g3 Bg7 4. Bg2 d6 5. e4 O-O 6. Nge2 a6 7.
O-O Nc6 8. d4 Rb8 9. h3 Bd7 10.
Be3 b5 11. cxb5 axb5 12. Rc1 b4 13. Nd5 e6 14. Nxf6+ Bxf6 15. e5 dxe5 16. Bxc6 Bxc6 17. Rxc6 Qd5 18. Rc5 Qxa2 19. dxe5 Bg7 20. Qc2 Rfd8 21.
Bg5 Rd5 22. Rxc7 Bxe5 23. Rc8+ Rxc8 24. Qxc8+ Kg7 25. Be7 g5 26. Bxg5 Qxb2 27. Nf4 Bxf4 28. Bxf4 b3 29. Qb8 h5 30. Re1 Qc2 31. Be5+ f6 32.
Bxf6+ Kxf6 33. Qf8+ Kg5 34. Qf4+ Kg6 35. Rxe6+ Kg7 36.
Qf6+ 1-0

[Event "*** Titled Tuesday Blitz"]
[Site "Chess.com"]
[Date "2020.04.21"]
[Round "1"]
[White "FLamps8"]
[Black "TV27"]
[Result "1-0"]
[WhiteElo "2520"]
[BlackElo "2116"]
[TimeControl "180+1"]
[EndTime "10:06:47 PDT"]
[Termination "FLamps8 won by resignation"]

1. d4 f5 2. Nc3 Nf6 3. Bg5 d5 4. Bxf6 exf6 5. e3 Bd6 6. Nxd5 O-O 7. Nc3 f4 8. e4 Re8 9. Bc4+ Kh8 10. Nf3 Bg4 11. h3 Bh5 12. Qd3 Nc6 13. a3 a6 14.
O-O-O b5 15. Bb3 b4 16. axb4 Nxb4 17. Qc4 Rb8 18. e5 Be7 19. Ne4 f5 20. Nc5 Bxc5 21. dxc5 Qe7 22. Qxf4 Bf7 23. e6 Bxe6 24. Rhe1 Qf7 25.
Ng5 Qf6 26. Rxe6 Na2+ 27. Kb1 Rxe6 28. Nxe6 Nc3+ 29. bxc3 Qxc3 30. Rd8+ Rxd8 31. Nxd8 Qe1+ 32. Kb2 1-0

[Event "*** Titled Tuesday Blitz"]
[Site "Chess.com"]
[Date "2020.04.21"]
[Round "1"]
[White "GianmarcoVaR"]
[Black "hazy13"]
[Result "1-0"]
[WhiteElo "2569"]
[BlackElo "2213"]
[TimeControl "180+1"]
[EndTime "10:06:48 PDT"]
[Termination "GianmarcoVaR won on time"]

1. c4 c5 2. Nc3 g6 3. g3 Nc6 4.
Bg2 Bg7 5. d3 e6 6. h4 Nge7 7.
h5 d5 8. Bd2 O-O 9. Qc1 dxc4 10.
dxc4 Nf5 11. Nf3 Ncd4 12. Ne4 b6 13. Bg5 Qd7 14. Nf6+ Bxf6 15. Bxf6 Bb7 16. g4 Rad8 17.
gxf5 Nxf5 18. Kf1 Rc8 19. Ne5 Qc7 20. e4 1-0

[Event "*** Titled Tuesday Blitz"]
[Site "Chess.com"]
[Date "2020.04.21"]
[Round "1"]
[White "Grootneus"]
[Black "DrVitman"]
[Result "0-1"]
[WhiteElo "2146"]
[BlackElo "2538"]
[TimeControl "180+1"]
[EndTime "10:06:48 PDT"]
[Termination "DrVitman won by resignation"]

1. e4 c5 2. Nf3 Nc6 3. Bb5 g6 4. c3 Bg7 5. O-O e5 6. d4 cxd4 7. cxd4 Nxd4 8. Nxd4 exd4 9. f4 a6 10. Ba4 b5 11. Bb3 Bb7 12. f5 d5 13. exd5 Bxd5 14. Qe1+ Kf8 15. Qb4+ Qe7 16. Qxe7+ Nxe7 17. f6 Bxf6 18.
Rxf6 Kg7 19. Rf1 Bxb3 20. axb3 Nd5 21. Bf4 Rhe8 22. Nd2 Re2 23. Rad1 Rc8 24. Bg5 f6 25. Bh4 Rc2 26. Rf2 d3 27. Bxf6+ Nxf6 28. Kf1 Rxf2+ 29.
Kxf2 Nd5 30. Kf3 Rxb2 31. Ke4 Nc3+ 32. Kxd3 Nxd1 0-1

[Event "*** Titled Tuesday Blitz"]
[Site "Chess.com"]
[Date "2020.04.21"]
[Round "1"]
[White "IljaJoke"]
[Black "ADODOVE"]
[Result "1-0"]
[WhiteElo "2492"]
[BlackElo "1879"]
[TimeControl "180+1"]
[EndTime "10:06:48 PDT"]
[Termination "IljaJoke won on time"]

1. d4 Nf6 2. c4 e6 3. g3 d5 4.
Nf3 dxc4 5. Bg2 a6 6. O-O b5 7. Ne5 Nd5 8. a4 Bb7 9. e4 Nf6 10. axb5 axb5 11. Rxa8 Bxa8 12. Nc3 b4 13. Qa4+ Nbd7 14. Nb5 Bd6 15. Nxc4 O-O 16. e5 Bxg2 17. Kxg2 Bxe5 18. dxe5 Nc5 19. Rd1 Nxa4 20. Rxd8 Rxd8 21.
exf6 gxf6 22. b3 Nc3 23. Nxc7 Rc8 24. Na6 Nd5 25. Bd2 Ra8 26. Nxb4 Nxb4 27. Bxb4 Rb8 28.
Bc3 Rxb3 29. Bxf6 Rb4 30. Ne5 h6 31. h4 Ra4 32. h5 Ra5 33. g4 Ra4 34. Kg3 Ra3+ 35.
f3 Ra4 36. Nd7 Ra3 37. Be5 Ra7 38. Nf6+ Kf8 39. Ne4 Ke7 40. Bf6+ Kd7 41. g5 hxg5 42. h6 1-0

[Event "*** Titled Tuesday Blitz"]
[Site "Chess.com"]
[Date "2020.04.21"]
[Round "1"]
[White "stanyga"]
[Black "Rap_woyska"]
[Result "1-0"]
[WhiteElo "2695"]
[BlackElo "2358"]
[TimeControl "180+1"]
[EndTime "10:06:49 PDT"]
[Termination "stanyga won by checkmate"]

1. e4 e6 2. d4 d5 3. e5 c5 4. c3 Qb6 5. Nf3 Nc6 6. a3 Nh6 7. b4 cxd4 8. cxd4 Nf5 9. Be3 Nxe3 10. fxe3 f6 11. exf6 gxf6 12. Bd3 Bh6 13. Qe2 Bd7 14. Nc3 Ne7 15. O-O O-O-O 16. Nd2 f5 17. Nb3 Kb8 18. Nc5 Qd6 19. a4 f4 20. Nb5 Bxb5 21. axb5 fxe3 22. Rf6 Bf4 23. h3 Rhe8 24. Rxe6 Qc7 25. Qa2 Nc8 26. b6 Qg7 27. bxa7+ Ka8 28. Ba6 bxa6 29. Qxa6 Rxe6 30. Nxe6 Rd6 31. Qxc8# 1-0

[Event "*** Titled Tuesday Blitz"]
[Site "Chess.com"]
[Date "2020.04.21"]
[Round "1"]
[White "KubaGepard"]
[Black "Keaton87"]
[Result "0-1"]
[WhiteElo "2342"]
[BlackElo "2675"]
[TimeControl "180+1"]
[EndTime "10:06:49 PDT"]
[Termination "Keaton87 won by resignation"]

1. d4 d5 2. Nf3 Nf6 3. Bf4 c5 4. e3 Nc6 5. Nbd2 cxd4 6. exd4 Qb6 7. Nb3 Bg4 8. Be2 e6 9. O-O Be7 10. Ne5 Bxe2 11. Qxe2 O-O 12. Nxc6 bxc6 13. a4 a5 14. Bg5 h6 15. Bxf6 Bxf6 16. Qd2 Be7 17. f4 c5 18.
dxc5 Bxc5+ 19. Nxc5 Qxc5+ 20. Qf2 Rfc8 21. Qxc5 Rxc5 22.
c3 Rb8 23. Rfb1 Rc4 24. g3 g5 25. fxg5 hxg5 26. Kf2 f5 27. Ke3 Kf7 28. Kd3 Kf6 29. b3 Re4 30. b4 f4 31. b5 e5 32.
b6 Rc4 33. Rb5 e4+ 34. Kd2 Ke5 35. gxf4+ gxf4 36. Rg1 Rxa4 37. Rg5+ Ke6 38. Rbxd5 Ra2+ 39. Kd1 Rxb6 40. Rge5+ Kf7 41. Rf5+ Ke7 42. Rfe5+ Re6 43. Rxa5 Rxh2 44. Ra7+ Kf6 45. Rd5 e3 0-1

[Event "*** Titled Tuesday Blitz"]
[Site "Chess.com"]
[Date "2020.04.21"]
[Round "1"]
[White "Hippotaner"]
[Black "MarcoRiehle"]
[Result "0-1"]
[WhiteElo "2249"]
[BlackElo "2598"]
[TimeControl "180+1"]
[EndTime "10:06:49 PDT"]
[Termination "MarcoRiehle won by checkmate"]

1. Nf3 Nf6 2. g3 c5 3. Bg2 Nc6 4. O-O e5 5. d3 d5 6. Nbd2 Be7 7. e4 d4 8. Nc4 Bd6 9. a4 h6 10. Ne1 Bc7 11. c3 Be6 12. Na3 g5 13. cxd4 Nxd4 14. Be3 Bb3 15. Qd2 Ba5 16. f4 Bxd2 17.
Bxd2 gxf4 18. gxf4 exf4 19. Nb5 Nxb5 20. axb5 Nh5 21. Bf3 Qh4 22. Ng2 Rg8 23. Ra3 Be6 24. b6 a6 25. e5 Bh3 26. Bxb7 Bxg2 27. Bxg2 Ke7 28. Raa1 Rxg2+ 29. Kxg2 Rg8+ 30. Kf3 Qh3+ 31. Ke4 Qg2+ 32. Rf3 Qe2+ 33. Kd5 Qxf3+ 34. Kxc5 Rc8+ 35.
Kb4 Qxd3 36. b7 Qxd2+ 37. Ka4 Qc2+ 38. b3 Qc6+ 39. Ka3 Qxb7 40. Rd1 Rc3 41. Rb1 a5 42. e6 Qb4+ 43. Ka2 a4 44. bxa4 Ra3# 0-1

[Event "*** Titled Tuesday Blitz"]
[Site "Chess.com"]
[Date "2020.04.21"]
[Round "1"]
[White "Shuvalov"]
[Black "mishanick"]
[Result "0-1"]
[WhiteElo "2476"]
[BlackElo "3061"]
[TimeControl "180+1"]
[EndTime "10:06:50 PDT"]
[Termination "mishanick won by resignation"]

1. Nf3 d5 2. c4 e6 3. g3 Nf6 4. Bg2 c6 5. b3 Be7 6. Bb2 O-O 7.
O-O Nbd7 8. e3 b6 9. Nc3 a5 10. Qe2 Ba6 11. d3 Re8 12. e4 dxe4 13. dxe4 e5 14.
Rad1 Qc7 15. Nh4 Nf8 16. Nf5 Bc5 17. Na4 Ne6 18. Nxc5 bxc5 19. Qe3 Ng4 20. Qe2 Nf6 21. Qe3 g6 22. Nd6 Red8 23. Bxe5 Ng4 24. Qc3 Nxe5 25. Qxe5 Nd4 26. Qxc5 Qxd6 27. Qxd6 Rxd6 28. e5 Rdd8 29. Rfe1 a4 30. Rb1 Rab8 31. Re3 axb3 32. axb3 Bxc4 33.
Bf1 Bxb3 34. Rc1 Bd5 35. f4 Rb2 36. Rd3 Nf3+ 37. Rxf3 Bxf3 0-1

[Event "*** Titled Tuesday Blitz"]
[Site "Chess.com"]
[Date "2020.04.21"]
[Round "1"]
[White "Jbd735"]
[Black "abhidabhi"]
[Result "0-1"]
[WhiteElo "2434"]
[BlackElo "2826"]
[TimeControl "180+1"]
[EndTime "10:06:50 PDT"]
[Termination "abhidabhi won on time"]

1. e4 e5 2. Nf3 Nc6 3. Bb5 a6 4. Ba4 Nf6 5. O-O b5 6. Bb3 Bb7 7. Re1 Bc5 8. d3 d6 9. c3 h6 10. Nbd2 O-O 11. Nf1 a5 12. a4 b4 13. Ng3 Ba7 14. Nf5 bxc3 15. bxc3 d5 16. exd5 Nxd5 17. Bd2 Nf4 18. Bxf4 exf4 19. Rb1 Bc8 20. N5d4 Nxd4 21. cxd4 Bxd4 22. Nxd4 Qxd4 23. Qh5 Ra6 24. Re7 Rf6 25. Bc4 f3 26. gxf3 Qd6 0-1

[Event "*** Titled Tuesday Blitz"]
[Site "Chess.com"]
[Date "2020.04.21"]
[Round "1"]
[White "AlhosaniOmran1"]
[Black "Gabrielian_Artur"]
[Result "0-1"]
[WhiteElo "2377"]
[BlackElo "2716"]
[TimeControl "180+1"]
[EndTime "10:06:50 PDT"]
[Termination "Gabrielian_Artur won by resignation"]

1. e4 c5 2. Nf3 d6 3. d4 cxd4 4. Nxd4 Nf6 5. Nc3 Nc6 6. f3 e5 7.
Nb3 Be7 8. Be3 O-O 9. Qd2 Be6 10. O-O-O a5 11. Bb5 Na7 12. Ba4 Qb8 13. g4 Rc8 14. g5 Ne8 15. Kb1 Rxc3 16. Qxc3 b5 17. Bxa7 Rxa7 18.
Nxa5 Qa8 19. Nc6 Rxa4 20. Nxe7+ Kf8 21. Nd5 Rxa2 22. b3 Bxd5 23. Rxd5 b4 24. Qxb4 Ra1+ 25. Kb2 Rxh1 26. Ra5 Qd8 27. Rb5 Rxh2 28. Rb8 Qc7 29.
Qb5 Rxc2+ 30. Ka3 Qa7+ 31. Kb4 Qd4+ 32. Ka3 Qc5+ 33. Qxc5 dxc5 34. Rc8 Ke7 35. Ka4 Nd6 36. Rc7+ Kd8 0-1